 Dungeon Crawl Stone Soup version 0.30-a0-591-g3c58d2bc28 (webtiles) character file.

Game seed: 18386721398299759108

14 drugrobin the Sneak (level 2, -3/25 HPs)
             Began as a Demigod Delver on Jan 5, 2023.
             Slain by a gnoll
             ... wielding a +0 spear
              (7 damage)
             ... on level 3 of the Dungeon.
             The game lasted 00:03:35 (663 turns).

drugrobin the Sneak (Demigod Delver)                 Turns: 663, Time: 00:03:36

Health: -3/25      AC:  3    Str: 13    XL:     2   Next: 18%
Magic:  4/4        EV: 11    Int: 12    God:
Gold:   31         SH:  0    Dex: 15    Spells: 1/1 levels left

rFire   . . .      SeeInvis .      - Unarmed
rCold   . . .      Faith    .    (no shield)
rNeg    . . .      Spirit   .    a - +0 leather armour
rPois   .          Reflect  .    (no helmet)
rElec   .          Harm     .    (no cloak)
rCorr   .          Rampage  .    (no gloves)
Will    .....                    (no boots)
Stlth   +++                      (no amulet)
HPRegen 0.24/turn                (no ring)
MPRegen 0.09/turn                (no ring)

@: hasted, very quick
A: high MP 1, forlorn, divine attributes
a: no special abilities


You were on level 3 of the Dungeon.
You visited 1 branch of the dungeon, and saw 3 of its levels.

You collected 31 gold pieces.

Inventory:

Hand Weapons
 b - a +0 sling
 m - a +0 quarterstaff
Missiles
 k - 2 poisoned darts (quivered)
Armour
 a - a +0 leather armour (worn)
 n - a +0 ring mail
Wands
 f - a wand of digging (3)
Scrolls
 c - a scroll of magic mapping
 d - 2 scrolls of fog
 g - a scroll of amnesia {unknown}
 i - 2 scrolls of teleportation
 j - 2 scrolls of identify
 l - a scroll of enchant weapon {unknown}


   Skills:
 - Level 2.6 Fighting
 - Level 1.7 Dodging
 - Level 4.5 Stealth
 + Level 2.7 Unarmed Combat


You had one spell level left.
You didn't know any spells.
Your spell library was empty.

Dungeon Overview and Level Annotations

Branches:
Dungeon (5/15)
 Temple: D:4-7

Annotations:
D:3 exclusion: adder


Innate Abilities, Weirdness & Mutations

You have an increased reservoir of magic. (+10% MP)
You shall have no god before yourself.
Your divine heritage dramatically boosts your attributes as you level up.


Message History

The gnoll closely misses you.
You hit the gnoll but do no damage.
The gnoll is moderately wounded.
The gnoll hits you with a +0 whip!
Press: ? - help, v - describe, . - travel
Here: a gnoll, wielding a +0 whip (moderately wounded)
The floor.
Unknown command.
You hit the gnoll.
The gnoll is heavily wounded.
The gnoll hits you with a +0 whip.
* * * LOW HITPOINT WARNING * * *
Unknown command.
Unknown command.
You closely miss the gnoll.
The gnoll is heavily wounded.
The gnoll shouts!
You hear a shout!
The gnoll closely misses you.
Unknown command.
Unknown command.
You barely miss the gnoll.
The gnoll is heavily wounded.
The gnoll barely misses you.
Unknown command.
You hit the gnoll but do no damage.
The gnoll is heavily wounded.
The gnoll barely misses you.
You barely miss the gnoll.
The gnoll is heavily wounded.
The gnoll closely misses you.
As you read the scroll labelled TAFAOBR TAIBRA, it crumbles to dust.
It is a scroll of identify.
i - 2 scrolls of teleportation The gnoll hits you with a +0 whip.
* * * LOW HITPOINT WARNING * * *
Unknown command.
Unknown command.
You feel yourself speed up.
The gnoll hits you from afar with a +0 spear!
You die...

#.#### ### #.#
#.###########.#
#.............#
#.############# #.#
#.# #.# #########
#@# ......... #g#
g........ #g#
........) #.#
......... #.#
......... #.#
.g........
##.####............
#..g..g............
#######..... #


You could see 3 gnolls.

Vanquished Creatures
  A gnoll (D:3)
  A hobgoblin (D:3)
  A quokka (D:3)
  A ball python (D:3)
  2 rats (D:3)
6 creatures vanquished.

Notes
Turn   | Place    | Note
-------+----------+-------------------------------------------
     0 | D:5      | drugrobin the Demigod Delver began the quest for the Orb.
     0 | D:5      | Reached XP level 1. HP: 18/18 MP: 3/3
    45 | D:5      | Noticed a scorpion
   178 | D:5      | Noticed a phantom
   198 | D:4      | Noticed a howler monkey
   201 | D:4      | Noticed an iguana
   217 | D:4      | Noticed an orc wizard
   485 | D:3      | Reached XP level 2. HP: 8/25 MP: 4/4
   663 | D:3      | Slain by a gnoll

Illustrated notes

Levels and vault maps discovered:
D:3:      cheibrodos_thug_alley, layout_basic, lemuel_crystal_altar
D:4:      layout_basic, kennysheep_mini
D:5:      layout_basic, kennysheep_little_box, marbit_many_paths, serial_shops,
          nicolae_square_shop

Skill      XL: |  1 |
---------------+----+-----
Unarmed Combat | 2 |  2.7
Fighting       | |  2.6
Dodging        | |  1.7
Stealth        | |  4.5

Action                   || total
-------------------------++-------
Melee: Unarmed           ||    32
       Punch             ||     1
 Fire: Sling             ||     4
Throw: Dart              ||     5
  Use: Scroll            ||     2
       Potion            ||     2
 Stab: Sleeping          ||     1
Armor: Leather armour    ||     4
Dodge: Dodged            ||    12

Table legend: (Time is in decaauts)
 A = Elapsed time spent in this place.
 B = Non-inter-level travel time spent in this place.
 C = Inter-level travel time spent in this place.
 D = Time resting spent in this place.
 E = Time spent auto-exploring this place.
 F = Levels seen in this place.
 G = Mean time per level.
                   A        B        C        D        E       F      G
               +--------+--------+--------+--------+--------+-----+--------+
         Total |    661 |    613 |     48 |     44 |     58 |   3 |  220.3 |
       Dungeon |    661 |    613 |     48 |     44 |     58 |   3 |  220.3 |
               +--------+--------+--------+--------+--------+-----+--------+

Top non-repeatable levels by time:
     D:3: 442 daAuts
     D:5: 187 daAuts
     D:4: 32 daAuts
